 Dungeon Crawl Stone Soup version 0.29-a0-275-g389c0b56f3 (webtiles) character file.

Game seed: 17057511938874840962

4252 siradein the Quickloader (level 10, -4/91 HPs)
             Began as a Deep Dwarf Hunter on Mar 10, 2022.
             Was a Believer of Makhleb.
             Slain by a hornet (8 damage)
             ... on level 8 of the Dungeon.
             The game lasted 00:30:58 (6575 turns).

siradein the Quickloader (Deep Dwarf Hunter)        Turns: 6575, Time: 00:31:00

Health: -4/91      AC:  7    Str: 16    XL:     10   Next: 10%
Magic:  0/0 (1)    EV: 15    Int: 12    God:    Makhleb [**....]
Gold:   338        SH:  6    Dex: 23    Spells: 9/9 levels left

rFire   . . .      SeeInvis .   a - +1 hand crossbow
rCold   + + .      Faith    +   E - +2 buckler
rNeg    . . .      Spirit   .   t - +0 ring mail
rPois   .          Reflect  .   (no helmet)
rElec   .          Harm     .   (no cloak)
rCorr   +          Rampage  .   (no gloves)
Will    +....                   p - +0 pair of boots of Virtue {rC++ rCorr MP-9}
Stlth   ++++......              y - amulet of faith
HPRegen 0.00/turn               q - +6 ring of dexterity
MPRegen 0.07/turn               (no ring)

@: lethally poisoned (-4 -> -4), slowed, very slow
A: damage resistance, heal wounds, sense surroundings 2, no regeneration
a: Heal Wounds, Renounce Religion, Minor Destruction


You were on level 8 of the Dungeon.
You worshipped Makhleb.
Makhleb was pleased with you.
You visited 2 branches of the dungeon, and saw 9 of its levels.
You also visited: Sewer.

You collected 452 gold pieces.
You spent 114 gold pieces at shops.

Inventory:

Hand Weapons
 a - a +1 hand crossbow (weapon)
Missiles
 x - a throwing net
Armour
 p - the +0 pair of boots of Virtue (worn) {rC++ rCorr MP-9}
   (You found it on level 2 of the Dungeon)

   rC:        It greatly protects you from cold.
   MP:        It affects your magic capacity (-9).
   rCorr:     It protects you from acid and corrosion.
 t - a +0 ring mail (worn)
 E - a +2 buckler (worn)
Jewellery
 q - a +6 ring of dexterity (left hand)
 y - an amulet of faith (around neck)
Wands
 w - a wand of acid (32)
 B - a wand of flame (4)
 D - a wand of iceblast (10)
Scrolls
 c - a scroll of immolation
 d - 3 scrolls of noise {unknown}
 e - 2 scrolls of acquirement {unknown}
 f - a scroll of vulnerability {unknown}
 h - 2 scrolls of amnesia {unknown}
 k - 4 scrolls of magic mapping {unknown}
 l - 2 scrolls of fear {unknown}
 m - a scroll of teleportation {unknown}
 n - a scroll of fog {unknown}
 o - a scroll of summoning {unknown}
 r - a scroll of blinking
 s - a scroll of silence {unknown}
 u - a scroll of torment {unknown}
 v - a scroll of enchant weapon {unknown}
Potions
 b - a potion of invisibility
 g - 2 potions of lignification
 i - a potion of attraction {unknown}
 j - 6 potions of curing
 z - 3 potions of magic
 A - a potion of flight {unknown}
 C - a potion of cancellation {unknown}


   Skills:
 + Level 5.9 Fighting
 + Level 8.2 Crossbows
 + Level 5.8 Armour
 + Level 7.4 Dodging
 + Level 8.2 Stealth
 + Level 5.2 Invocations
 + Level 3.4 Evocations


You had 9 spell levels left.
You didn't know any spells.
Your spell library contained the following spells:

 Spells                   Type           Power      Damage    Failure   Level
 Magic Dart               Conj           0%         1d3       63%         1
 Searing Ray              Conj           0%         2d4       77%         2
 Fulminant Prism          Conj/Hex       0%         3d6       100%        4


Dungeon Overview and Level Annotations

Branches:
Dungeon (8/15)             Temple (1/1) D:6           Sewer (visited)
   Lair: D:8-11

Altars:
Ashenzari
Cheibriados
Dithmenos
Elyvilon
Fedhas
Hepliaklqana
Kikubaaqudgha
Makhleb
Okawaru
Qazlal
Ru
Sif Muna
Trog
Uskayaw
Vehumet
Wu Jian

Shops:
D:4 [==   D:5 ?   D:6 (

Annotations:
D:7 3 runed translucent doors, siradein's ghost, novice DrNe


Innate Abilities, Weirdness & Mutations

You are resistant to damage.
You can heal yourself by infusing magical energy.
You passively map the area around you.
You do not regenerate.


Message History

You shoot a bolt.
The bolt hits the hornet but does no damage.
The hornet is lightly wounded.
You feel extremely sick. The hornet closely misses you.
The hornet barely misses you.
Unknown command.
You feel much better.
You feel yourself speed up.
The hornet stings you but does no damage.
The hornet closely misses you. The hornet barely misses you.
Shoot: a) +1 hand crossbow
Press: ? - help, Q - select action, (/) - cycle Shift-Dir - straight line, f/p - hornet
Aim: a hornet (lightly wounded, 60% to hit)
You shoot a bolt. The bolt hits the hornet!
The hornet is moderately wounded.
The hornet stings you!
You are more poisoned.
You suddenly lose the ability to move!
The hornet stings you!
* * * LOW HITPOINT WARNING * * *
You shrug off the repeated paralysis!
You feel sick. The hornet stings you!
* * * LOW HITPOINT WARNING * * *
You shrug off the repeated paralysis!
You can move again.
Shoot: a) +1 hand crossbow
Press: ? - help, Q - select action, (/) - cycle Shift-Dir - straight line, f/p - hornet
Aim: a hornet (moderately wounded, 60% to hit)
You shoot a bolt.
The bolt hits the hornet but does no damage.
The hornet is moderately wounded.
The hornet stings you!
* * * LOW HITPOINT WARNING * * *
You feel yourself slow down. You block the hornet's attack.
Shoot: a) +1 hand crossbow
Press: ? - help, Q - select action, (/) - cycle Shift-Dir - straight line, f/p - hornet
Aim: a hornet (moderately wounded, 60% to hit)
You shoot a bolt. The bolt hits the hornet!
The hornet is heavily wounded.
The hornet misses you. The hornet stings you!
You die...

, #)# **, * ######)#
,* #......# * * *
####..###.# ,,
,########)...)....#
, , **
#........####.#### ,
* ,#..#.#.#.# #.#, *
, ,,,
.####.#)#..#.#,*#.#*
, *.....Fy@...#.#
,... , *
*##############
###**


You could see a hornet and a bullfrog.

Vanquished Creatures
  A two-headed ogre (D:8)
  A wraith (D:7)
  3 yaks (D:6)
  A wyvern (D:7)
  2 steam dragons
  An acid dragon (D:5)
  An orc warrior (D:8)
  2 ice beasts
  A sky beast (D:5)
  3 ogres
  A centaur (D:6)
  2 kobold brigands (D:6)
  3 bullfrogs
  3 scorpions
  2 necrophages
  A wight (D:8)
  8 howler monkeys
  8 hounds
  2 jellies
  An orc priest (D:8)
  A gnoll shaman (D:7)
  6 iguanas
  3 orc wizards
  8 gnolls
  11 adders
  A shadow imp (D:6)
  2 ufetubi
  2 worms (D:3)
  2 dart slugs
  9 orcs
  11 bats
  5 endoplasms
  12 giant cockroaches
  5 goblins
  9 hobgoblins
  15 kobolds
  8 quokkas
  15 ball pythons
  8 frilled lizards
180 creatures vanquished.

Notes
Turn   | Place    | Note
-------+----------+-------------------------------------------
     0 | D:1      | siradein the Deep Dwarf Hunter began the quest for the Orb.
     0 | D:1      | Reached XP level 1. HP: 19/19 MP: 1/1
   237 | D:1      | Reached XP level 2. HP: 16/26 MP: 2/2
  1064 | D:2      | Reached XP level 3. HP: 31/32 MP: 2/2
  1759 | D:2      | Identified the +0 pair of boots of Virtue {rC++ rCorr MP-9}
  1810 | D:3      | Found a white marble altar of Elyvilon.
  1829 | D:3      | Reached XP level 4. HP: 24/40 MP: 0/3
  1888 | D:3      | Found a shimmering blue altar of Sif Muna.
  1912 | D:3      | Found a glowing drain.
  1923 | Sewer    | Entered a sewer
  1929 | Sewer    | Reached skill level 5 in Crossbows
  2100 | Sewer    | Noticed a bullfrog
  2101 | Sewer    | Noticed a bullfrog
  2114 | Sewer    | HP: 2/40 [bullfrog (5)]
  2116 | Sewer    | Killed a bullfrog
  2117 | Sewer    | Reached XP level 5. HP: 34/49 MP: 0/3
  2209 | D:3      | Reached XP level 6. HP: 39/56 MP: 0/4
  2780 | D:4      | Found Surhuwke's Jewellery Shop.
  2790 | D:4      | Reached skill level 1 in Armour
  2791 | D:4      | Noticed a two-headed ogre
  2946 | D:4      | Found Ugiuvankac's Jewellery Boutique.
  3065 | D:4      | Found Megus's Antique Armour Shop.
  3238 | D:5      | Entered Level 5 of the Dungeon
  3244 | D:5      | Noticed a sky beast
  3312 | D:5      | Reached XP level 7. HP: 34/63 MP: 0/5
  3435 | D:5      | Reached skill level 5 in Stealth
  3604 | D:5      | Reached skill level 5 in Dodging
  3672 | D:5      | Found Botrunkede's Magic Scroll Shoppe.
  3678 | D:5      | Bought a scroll of identify for 24 gold pieces
  3683 | D:5      | Bought a scroll of blinking for 90 gold pieces
  3833 | D:5      | Found a stormy altar of Qazlal.
  3913 | D:6      | Noticed a steam dragon
  3919 | D:6      | HP: 1/64 [something/ball of steam (19)]
  4096 | D:6      | Found a staircase to the Ecumenical Temple.
  4114 | D:5      | HP: 2/64 [orc/+0 club (3)]
  4145 | Temple   | Entered the Ecumenical Temple
  4297 | Temple   | Became a worshipper of Makhleb the Destroyer
  4355 | D:6      | Reached XP level 8. HP: 49/72 MP: 0/5
  4498 | D:6      | Found Livvabi's Weapon Emporium.
  4567 | D:6      | Reached skill level 1 in Invocations
  4594 | D:6      | Reached skill level 5 in Fighting
  4724 | D:6      | Gained mutation: You passively map the area around you.
                  | [Deep Dwarf growth]
  4724 | D:6      | Reached XP level 9. HP: 54/81 MP: 0/6
  4761 | D:6      | Noticed a five-headed hydra
  5100 | D:5      | Reached * piety under Makhleb
  5475 | D:7      | Found a sacrificial altar of Ru.
  5500 | D:7      | Reached skill level 5 in Armour
  5500 | D:7      | Reached skill level 1 in Evocations
  5678 | D:7      | Noticed siradein's ghost (novice DrNe)
  5831 | D:7      | Found a broken altar of Ashenzari.
  5836 | D:7      | Reached ** piety under Makhleb
  5838 | D:7      | Found a runed translucent gate.
  5838 | D:7      | Found a runed translucent gate.
  5838 | D:7      | Found a runed translucent gate.
  6282 | D:8      | Found the +18 Lear's hauberk
  6464 | D:8      | Noticed a two-headed ogre
  6516 | D:8      | Killed a two-headed ogre
  6517 | D:8      | Reached skill level 5 in Invocations
  6517 | D:8      | Reached XP level 10. HP: 32/91 MP: 0/2
  6561 | D:8      | Paralysed by a hornet for 2 turns
  6565 | D:8      | Paralysed by a hornet for 3 turns
  6572 | D:8      | Paralysed by a hornet for 2 turns
  6574 | D:8      | HP: 4/91 [hornet (5)]
  6575 | D:8      | Slain by a hornet

Illustrated notes

Levels and vault maps discovered:
D:1:      dpeg_chamrin_arrival_tetris, layout_loops_corners, fountainhead,
          minmay_cut_off
D:2:      layout_loops_corners
D:3:      layout_loops_cross, mainiacjoe_overflow_cross_hatched,
          lemuel_coloured_pillars_altar, cheibrodos_sewer_entry_sluice
D:4:      layout_cave_pools, serial_shops, shop_statue,
          nicolae_shop_advertising_works [nicolae_subvault_shop_adworks],
          nicolae_shop_crystal, kennysheep_nondescript
D:5:      layout_loops_ring, kennysheep_little_box, serial_co_window_serial,
          co_window_paths_a, co_window_corner_a, co_window_paths_a,
          co_window_paths_a, co_window_corner_a, co_window_corner_a,
          co_window_broadway_a, co_window_corner_ca, co_window_2corner,
          co_window_corner_b, co_window_unsneaky_path_e, co_window_paths_e,
          glass_columns_c, glass_columns_b, glass_columns_a, serial_shops,
          nicolae_shop_behind_doors
D:6:      layout_rooms, minmay_temple_entry_sparse_star, serial_shops,
          shop_fountains, minmay_fractal_squares_gapless_5
D:7:      layout_loops_ring, kennysheep_mini_moat, old_standard_altar,
          gammafunk_ghost_icy
D:8:      minmay_thinvault, layout_basic, dpeg_lair_monsters
Temple:   regret_index_temple_generic_petals

Skill      XL: |  1  2  3  4  5  6  7  8  9 |
---------------+----------------------------+-----
Fighting       | 2 3 4 5 |  5.9
Stealth        | 2 3 4 5 6 8 |  8.2
Dodging        | 3 4 5 6 7 |  7.4
Crossbows      | 5 6 7 8 |  8.2
Armour         | 1 3 4 5 |  5.8
Invocations    | 2 5 |  5.2
Evocations     | 3 |  3.4

Action                   |  1- 3 |  4- 6 |  7- 9 | 10-12 || total
-------------------------+-------+-------+-------+-------++-------
 Fire: Hand crossbow     |   140 |   185 |   438 |    28 ||   791
 Abil: Heal Wounds       |     1 |     3 |    30 |     5 ||    39
  Use: Scroll            |       |       |     6 |       ||     6
Armor: Leather armour    |    19 |    24 |       |       ||    43
       Ring mail         |       |       |   102 |     5 ||   107
Dodge: Dodged            |    61 |    85 |   269 |    15 ||   430
Block: Buckler           |       |       |    11 |     5 ||    16

Table legend: (Time is in decaauts)
 A = Elapsed time spent in this place.
 B = Non-inter-level travel time spent in this place.
 C = Inter-level travel time spent in this place.
 D = Time resting spent in this place.
 E = Time spent auto-exploring this place.
 F = Levels seen in this place.
 G = Mean time per level.
                   A        B        C        D        E       F      G
               +--------+--------+--------+--------+--------+-----+--------+
         Total |   6861 |   6531 |    330 |      0 |   4191 |  10 |  686.1 |
       Dungeon |   6344 |   6014 |    330 |      0 |   3883 |   8 |  793.0 |
        Temple |    189 |    189 |      0 |      0 |    139 |   1 |  189.0 |
         Sewer |    327 |    327 |      0 |      0 |    169 |   1 |  327.0 |
               +--------+--------+--------+--------+--------+-----+--------+

Top non-repeatable levels by time:
     D:5: 1172 daAuts
     D:1: 947 daAuts
     D:2: 881 daAuts
     D:7: 877 daAuts
     D:6: 838 daAuts
     D:3: 780 daAuts
     D:4: 472 daAuts
     D:8: 373 daAuts
   Sewer: 327 daAuts
  Temple: 189 daAuts
